 Dungeon Crawl Stone Soup version 0.24-a0-125-gdf02491 (console) character file.

Game seed: 0

6127 Duffy the Thaumaturge (level 10, -9/88 HPs)
             Began as a Naga Fire Elementalist on Feb 24, 2019.
             Was a Believer of Vehumet.
             Mangled by an elephant (15 damage)
             ... on level 7 of the Dungeon.
             The game lasted 00:19:02 (10115 turns).

Duffy the Thaumaturge (Naga Fire Elementalist)     Turns: 10115, Time: 00:19:04

Health: -9/88      AC:  9    Str: 10    XL:     10   Next: 89%
Magic:  11/31      EV:  9    Int: 22    God:    Vehumet [**....]
Gold:   150        SH:  5    Dex: 12    Spells: 13/26 levels left

rFire    + . .     SeeInvis +   G - +0 rapier (elec)
rCold    + + .     Gourm    .   w - +0 buckler
rNeg     . . .     Faith    .   Q - +0 leather armour "Siamoucw" {MR+ MP+9} (curse)
rPois    +         Spirit   .   e - +2 helmet {Int+3}
rElec    .         Reflect  .   P - scarf {rC+ rF+}
rCorr    .         Harm     .   (no gloves)
MR       ++...                  (no barding)
Stlth    ++........             (no amulet)
HPRegen  0.24/turn              N - ring of protection from cold
MPRegen  0.22/turn              W - +2 ring of protection

@: very slightly contaminated, lightly drained, very slow
A: large, see invisible, deformed body, poison resistance, slowness 2, slow
metabolism 1, spit poison 1, AC +3
a: Spit Poison, Renounce Religion


You were on level 7 of the Dungeon.
You worshipped Vehumet.
Vehumet was pleased with you.
You were very hungry.

You visited 2 branches of the dungeon, and saw 9 of its levels.

You collected 465 gold pieces.
You spent 315 gold pieces at shops.

Inventory:

Hand Weapons
 b - a +0 short sword
 j - a +0 dagger
 u - a +2 whip of freezing
 G - a +0 rapier of electrocution (weapon)
 M - a cursed -3 spear
 T - a +2 flail of draining
 U - a +2 war axe of freezing
Armour
 a - a +0 robe
 e - a +2 helmet of intelligence (worn)
 t - a +0 cloak
 w - a +0 buckler (worn)
 A - a +2 ring mail of fire resistance
 H - a +2 leather armour of magic resistance
 P - a scarf of resistance (worn)
 Q - the cursed +0 leather armour "Siamoucw" (worn) {MR+ MP+9}
   (You found it on level 7 of the Dungeon)

   It affects your resistance to hostile enchantments.
   It affects your magic capacity (+9).
   It has a curse placed upon it.
Jewellery
 l - an uncursed ring of ice
 J - an uncursed ring of poison resistance
 L - an uncursed ring of flight
 N - a ring of protection from cold (left hand)
 W - a +2 ring of protection (right hand)
Wands
 x - a wand of flame (7)
 E - a wand of digging (6)
 O - a wand of scattershot (4)
 R - a wand of random effects (12)
Scrolls
 d - 3 scrolls of amnesia
 g - 3 scrolls of remove curse
 i - 7 scrolls of teleportation
 k - 3 scrolls of fog
 n - 2 scrolls of fear {unknown}
 q - 2 scrolls of enchant armour {unknown}
 y - 4 scrolls of magic mapping
 D - a scroll of blinking {unknown}
 I - a scroll of enchant weapon {unknown}
 K - a scroll of silence {unknown}
 S - a scroll of vulnerability {unknown}
 X - 2 scrolls of immolation
Potions
 f - 5 potions of flight
 h - 2 potions of heal wounds
 m - 3 potions of agility
 o - a potion of haste {unknown}
 p - 5 potions of curing
 r - a potion of lignification {unknown}
 s - a potion of berserk rage
 z - a potion of brilliance
 B - a potion of cancellation
 C - 2 potions of might
 F - 2 potions of magic
Comestibles
 c - 14 rations


   Skills:
 - Level 5.0(4.9) Fighting
 - Level 1.5 Dodging
 - Level 3.0(2.9) Stealth
 - Level 4.1 Shields
 + Level 8.8 Spellcasting
 + Level 6.9 Conjurations
 + Level 6.8 Fire Magic
 - Level 5.5 Evocations


You had 13 spell levels left.
You knew the following spells:

 Your Spells              Type           Power        Failure   Level  Hunger
h - Flame Tongue          Conj/Fire      #####        1%          1    None
j - Sticky Flame          Conj/Fire      #####...     5%          4    ##.....
k - Fireball              Conj/Fire      #####.....   16%         5    #####..
l - Conjure Flame         Conj/Fire      #####...     1%          3    None

Your spell library contained the following spells:

 Spells                   Type           Power        Failure   Level  Hunger
 Sting                    Conj/Pois      ###.         2%          1    None
 Throw Flame              Conj/Fire      #####.       1%          2    None
 Inner Flame              Hex/Fire       ###.....     7%          3    None
 Beastly Appendage        Tmut           #.....       10%         1    None
 Confusing Touch          Hex            #.....       10%         1    None
 Summon Small Mammal      Summ           #...         10%         1    None
 Call Imp                 Summ           #.......     14%         2    None
 Sticks to Snakes         Tmut           #.......     14%         2    None
 Call Canine Familiar     Summ           #.......     28%         3    None
 Confuse                  Hex            #.......     28%         3    None
 Gell's Gravitas          Tloc           #.........   28%         3    None
 Spider Form              Tmut/Pois      #.........   28%         3    None
 Summon Guardian Golem    Hex/Summ       #.......     28%         3    None
 Ice Form                 Ice/Tmut       #.......     67%         4    ##.....
 Petrify                  Tmut/Erth      #.......     67%         4    ##.....
 Summon Ice Beast         Ice/Summ       #.......     67%         4    ##.....
 Summon Lightning Spire   Summ/Air       #.......     67%         4    ##.....
 Blade Hands              Tmut           #.........   95%         5    #####..
 Metabolic Englaciation   Hex/Ice        #.........   95%         5    #####..
 Yara's Violent Unravell  Hex/Tmut       #.........   95%         5    #####..


Dungeon Overview and Level Annotations

Branches:
Dungeon (8/15)             Temple (1/1) D:5
   Lair: D:8-11

Altars:
Ashenzari
Cheibriados
Dithmenos
Elyvilon
Fedhas
Gozag
Hepliaklqana
Kikubaaqudgha
Makhleb
Nemelex Xobeh
Okawaru
Qazlal
Ru
Sif Muna
Trog
Uskayaw
Vehumet
Wu Jian
Xom
Yredelemnul
Zin
The Shining One

Shops:
D:7 ?%=


Innate Abilities, Weirdness & Mutations

You cannot wear boots.
Your serpentine skin is tough. (AC +3)
You have supernaturally acute eyesight. (SInv)
Armour fits poorly on your strangely shaped body.
Your system is resistant to poisons. (rPois)
You cover ground very slowly.
You have a slow metabolism.
You can spit poison.


Message History

Aim: an elephant (heavily wounded, covered in liquid flames)
The flame tongue hits the elephant.
The elephant is severely wounded.
The elephant burns!
The elephant tramples you but does no damage.
The elephant trunk-slaps you.
The elephant burns! x2; The elephant stops burning.
The elephant tramples you!
You hold your ground!
The elephant trunk-slaps you.
Cast which spell? (? or * to list)
Aiming: Sticky Flame (safe; 5% risk of failure)
Press: ? - help, Shift-Dir - straight line, f/p - elephant
Aim: an elephant (severely wounded)
The sticky flame hits the elephant but does no damage.
The elephant is severely wounded.
The elephant is covered in liquid flames!
You are feeling very hungry.
The elephant burns!
The elephant tramples you.
You stumble backwards!
The elephant burns! x2
The elephant burns!
The elephant tramples you!
You die...

.# #.#\.........######### # .#
#[#.##......##### ####### .#
#.#.##.####.# #.# #...... .#
#####.#%##.# #.# #.# #..###. .#
#.......%..# #.# #.# #...... ##
#.###.#.#### #.###.# #.###.. ##
#.###.....#####...#.# #.# ##.
.# #.##.........####.#.#
#.####. .# #.##.##.#.##@#
#.#.####...... .#
#.##.##.#.##Y# #.#...........
.# #.##.##.#.##.#
#.###########. .#
#.##.##.#.##.# #.# #. .#
#[##.##.#.##.# #.# #. .#
###.##.##.#.##.## #.# ## .#
#...##.##.#.....###[# .#
#.####..............########
.###.##.........0..##..)))))((#


You could see an elephant (burning).

Vanquished Creatures
  A two-headed ogre (D:6)
  Pikel (D:3)
  Prince Ribbit (D:6)
  A slime creature (D:7)
  A spriggan (D:7)
  Eustachio (D:4)
  Menkaure (D:6)
  A steam dragon (D:6)
  Edmund (D:6)
  A hornet zombie (D:5)
  4 orc warriors
  A sky beast (D:6)
  A slave (D:5)
  4 phantoms
  2 ogres
  4 centaurs
  A crocodile (D:8)
  4 big kobolds (D:7)
  4 bullfrogs (D:7)
  A water moccasin zombie (D:7)
  2 scorpions
  13 wights
  7 howler monkeys
  2 bullfrog zombies (D:5)
  3 crimson imps
  2 hounds
  4 jellies
  2 orc priests
  3 centaur skeletons (D:5)
  2 iguanas (D:4)
  3 orc wizards (D:7)
  7 worker ants
  A worker ant zombie (D:3)
  8 gnolls
  A howler monkey skeleton (D:4)
  7 adders
  A white imp (D:6)
  6 oozes
  3 adder skeletons
  3 adder zombies (D:5)
  2 worms
  2 dart slugs (D:1)
  A leopard gecko (D:7)
  21 orcs
  7 giant cockroaches
  3 goblins
  3 hobgoblins
  2 jackals (D:3)
  9 kobolds
  4 quokkas
  A ball python (D:5)
  9 bats
  A jackal skeleton (D:5)
  4 leopard gecko zombies
  14 rats
  A plant (D:3)
200 creatures vanquished.

Vanquished Creatures (others)
  9 fungi (D:7)
  6 toadstools (D:7)
15 creatures vanquished.

Grand Total: 215 creatures vanquished

Notes
Turn   | Place    | Note
-------+----------+-------------------------------------------
     0 | D:1      | Duffy the Naga Fire Elementalist began the quest for the
                  | Orb.
     0 | D:1      | Reached XP level 1. HP: 15/15 MP: 3/3
   234 | D:1      | Reached XP level 2. HP: 22/22 MP: 3/5
   678 | D:1      | Reached XP level 3. HP: 14/28 MP: 0/6
  1127 | D:1      | Reached XP level 4. HP: 17/36 MP: 1/7
  1282 | D:1      | Learned a level 3 spell: Conjure Flame
  2034 | D:2      | Reached XP level 5. HP: 8/42 MP: 6/8
  2444 | D:4      | Noticed a phantom
  2603 | D:4      | Noticed Pikel
  2603 | D:4      | Noticed a slave
  2603 | D:4      | Noticed a slave
  2605 | D:4      | Noticed a slave
  2611 | D:5      | Entered Level 5 of the Dungeon
  2620 | D:5      | Killed a slave
  2690 | D:5      | Reached skill level 3 in Spellcasting
  2785 | D:5      | Reached XP level 6. HP: 45/49 MP: 6/10
  3051 | D:4      | Noticed Eustachio
  3089 | D:4      | Reached XP level 7. HP: 55/55 MP: 8/12
  3192 | D:3      | Reached skill level 4 in Spellcasting
  3283 | D:3      | Reached skill level 5 in Conjurations
  3817 | D:3      | Learned a level 4 spell: Sticky Flame
  3823 | D:3      | Learned a level 5 spell: Fireball
  3858 | D:3      | Killed Pikel
  3858 | D:3      | Reached skill level 6 in Spellcasting
  3858 | D:3      | Reached XP level 8. HP: 44/62 MP: 0/17
  4329 | D:4      | Killed Eustachio
  4329 | D:4      | Reached skill level 7 in Spellcasting
  4616 | D:5      | Reached skill level 1 in Fighting
  4677 | D:5      | Reached skill level 1 in Shields
  5250 | D:5      | Found a white marble altar of Elyvilon.
  5441 | D:5      | Found a staircase to the Ecumenical Temple.
  5452 | Temple   | Entered the Ecumenical Temple
  5538 | Temple   | Became a worshipper of Vehumet
  5559 | D:6      | Noticed a two-headed ogre
  5627 | D:6      | Noticed Prince Ribbit
  5644 | D:6      | Killed Prince Ribbit
  5644 | D:6      | Reached XP level 9. HP: 58/75 MP: 11/20
  6070 | D:6      | Noticed Menkaure
  6077 | D:6      | Killed Menkaure
  6588 | D:6      | Reached skill level 5 in Fighting
  6860 | D:6      | Reached skill level 1 in Evocations
  6974 | D:6      | Noticed Edmund
  6989 | D:6      | Killed Edmund
  7153 | D:6      | Killed a two-headed ogre
  7153 | D:6      | Reached * piety under Vehumet
  7153 | D:6      | Offered knowledge of Shock by Vehumet.
  7153 | D:6      | Reached skill level 5 in Evocations
  7153 | D:6      | Reached XP level 10. HP: 88/88 MP: 16/21
  7231 | D:6      | Reached skill level 5 in Fire Magic
  7815 | D:7      | Got a slimy leather armour
  7820 | D:7      | Found a stormy altar of Qazlal.
  7831 | D:7      | Identified the cursed +0 leather armour "Siamoucw" {MR+
                  | MP+9} (You found it on level 7 of the Dungeon)
  8089 | D:7      | Found Vepopsem's Jewellery Emporium.
  8092 | D:7      | Found Culyive's Food Emporium.
  8159 | D:7      | Reached skill level 8 in Spellcasting
  8739 | D:7      | Found a hazy altar of Hepliaklqana.
  9096 | D:7      | Reached ** piety under Vehumet
  9096 | D:7      | Offered knowledge of Sting by Vehumet.
  9179 | D:7      | Found Pyirhad's Magic Scroll Emporium.
  9249 | D:7      | Bought a scroll of magic mapping for 49 gold pieces
  9249 | D:7      | Bought a scroll of immolation for 49 gold pieces
  9249 | D:7      | Bought a scroll of amnesia for 49 gold pieces
  9249 | D:7      | Bought 2 scrolls of identify for 56 gold pieces
  9249 | D:7      | Bought a scroll of identify for 28 gold pieces
  9249 | D:7      | Bought a scroll of identify for 28 gold pieces
  9249 | D:7      | Bought a scroll of identify for 28 gold pieces
  9249 | D:7      | Bought a scroll of identify for 28 gold pieces
  9446 | D:7      | Found a basalt altar of Yredelemnul.
 10091 | D:8      | Noticed an elephant
 10115 | D:7      | Mangled by an elephant

Levels and vault maps discovered:
D:1:      minmay_arrival_wavy_path, layout_rooms
D:2:      layout_rooms, minmay_misc_feat_chi
D:3:      layout_basic, serial_bayou_lake_a
D:4:      layout_gridville, st_stairs_12, uniq_pikel, uniq_eustachio
D:5:      layout_gridville, kennysheep_little_box,
          minmay_temple_entry_enclosed_plants, first_ration, serial_undead,
          serial_undead_c, serial_undead_b, serial_undead_d, serial_undead_b,
          serial_undead_a
D:6:      layout_loops_cross, minmay_fire_ice_demons, uniq_prince_ribbit1,
          uniq_menkaure, uniq_edmund
D:7:      cheibrodos_fertilizer, layout_loops_ring, basic_altar, serial_shops,
          shop, shop, nicolae_shop_trees, hangedman_feature_mirror, the_bakery,
          roderic_serpentine_path
D:8:      layout_cave_pools, david_lair_generic
Temple:   dpeg_three_leaves_temple

Skill      XL: |  1  2  3  4  5  6  7  8  9 10 |
---------------+-------------------------------+-----
Conjurations   | 2 3 4 5 6 |  6.9
Spellcasting   | 3 6 7 8 |  8.8
Fire Magic     | 4 6 |  6.8
Fighting       | 3 5 |  5.0
Shields        | 2 4 |  4.1
Evocations     | 5 |  5.5
Dodging        | |  1.5
Stealth        | |  3.0

Action                   |  1- 3 |  4- 6 |  7- 9 | 10-12 || total
-------------------------+-------+-------+-------+-------++-------
Melee: Dagger            |       |     7 |     8 |       ||    15
       Rapier            |       |       |    81 |   144 ||   225
       Whip              |       |       |     3 |       ||     3
Throw: Throwing net      |       |       |     1 |       ||     1
 Cast: Flame Tongue      |    38 |    68 |    77 |   129 ||   312
       Conjure Flame     |       |     4 |     8 |    11 ||    23
       Sticky Flame      |       |       |    17 |    27 ||    44
 Abil: Spit Poison       |    27 |    18 |    10 |     2 ||    57
Evoke: Wand              |       |       |     7 |       ||     7
  Use: Scroll            |     3 |     3 |     2 |     8 ||    16
 Stab: Distracted        |       |       |     1 |       ||     1
  Eat: Chunk             |     2 |     4 |     5 |     5 ||    16
       Ration            |       |     1 |     2 |     1 ||     4
Armor: Robe              |     8 |    26 |    15 |       ||    49
       Leather armour    |       |       |    44 |    74 ||   118
Dodge: Dodged            |    24 |    44 |    73 |    89 ||   230
Block: Buckler           |       |       |    13 |    51 ||    64

Table legend:
 A = Non-vault XP
 B = Vault XP
 C = Vault XP percentage of total XP
 D = Non-vault monster count
 E = Vault monster count
 F = Vault count percentage of total count
                 A         B        C        D         E       F
            +---------+---------+-------+---------+---------+-------
      Total |    5677 |    3077 |  35.1 |     156 |      42 |  21.2
            +---------+---------+-------+---------+---------+-------
        D:1 |      50 |       0 |   0.0 |      21 |       0 |   0.0
        D:2 |      82 |       0 |   0.0 |      26 |       0 |   0.0
        D:3 |     209 |     629 |  75.1 |      13 |       1 |   7.1
        D:4 |     409 |     242 |  37.2 |       9 |       2 |  18.2
        D:5 |     313 |     295 |  48.5 |      14 |      13 |  48.1
        D:6 |    1996 |     646 |  24.5 |      26 |       5 |  16.1
        D:7 |    2281 |    1156 |  33.6 |      41 |      20 |  32.8
        D:8 |     337 |     109 |  24.4 |       6 |       1 |  14.3
            +---------+---------+-------+---------+---------+-------
